 Dungeon Crawl Stone Soup version 0.25-a0-701-gb30f108 (webtiles) character file.

Game seed: 7138615666914902183, levelgen mode: deterministic

49 Amaryllis the Cutter (level 4, 14/25 HPs)
             Began as a Kobold Artificer on Jan 5, 2020.
             Quit the game on level 2 of the Dungeon on Apr 3, 2020.
             The game lasted 00:08:31 (1196 turns).

Amaryllis the Cutter (Kobold Artificer)             Turns: 1196, Time: 00:08:32

Health: 14/25      AC:  8    Str: 10    XL:     4   Next: 2%
Magic:  6/6        EV:  7    Int: 12    God:
Gold:   30         SH:  0    Dex: 15    Spells: 3/3 levels left

rFire    . . .     SeeInvis .   a - +0 short sword
rCold    . . .     Gourm    .   (shield restricted)
rNeg     . . .     Faith    .   h - +0 chain mail (curse)
rPois    .         Spirit   .   (no helmet)
rElec    .         Reflect  .   (no cloak)
rCorr    .         Harm     .   (no gloves)
MR       .....                  (no boots)
Stlth    ..........             (no amulet)
HPRegen  0.08/turn              (no ring)
MPRegen  0.10/turn              (no ring)

@: no status effects
A: small, carnivore
a: no special abilities


You were on level 2 of the Dungeon.
You were not hungry.

You visited 1 branch of the dungeon, and saw 2 of its levels.

You collected 30 gold pieces.

Inventory:

Hand Weapons
 a - a +0 short sword (weapon)
 k - a +0 arbalest
Armour
 b - a +0 leather armour
 h - a cursed +0 chain mail (worn)
 o - a +0 helmet
Wands
 c - a wand of flame (10)
 d - a wand of enslavement (15)
 e - a wand of random effects (15)
Scrolls
 g - 2 scrolls of magic mapping {unknown}
 i - a scroll of teleportation {unknown}
 l - a scroll of remove curse {unknown}
 m - a scroll of enchant armour {unknown}
 n - a scroll of enchant weapon {unknown}
Potions
 j - 2 potions of brilliance {unknown}
Comestibles
 f - 4 rations


   Skills:
 - Level 1.1 Fighting
 * Level 3.9 Short Blades
 - Level 2.4 Dodging
 + Level 3.1 Stealth
 - Level 3.6 Evocations


You had 3 spell levels left.
You didn't know any spells.
Your spell library was empty.

Dungeon Overview and Level Annotations

Branches:
Dungeon (2/15)

Altars:


Innate Abilities, Weirdness & Mutations

You are small and have problems with some larger weapons.
You are carnivorous and can eat meat at any time.


Message History

a +0 club; a goblin corpse
Items here: )) [ ÷ a +0 club x2; a +0 animal skin; the hobgoblin skeleton of Robin Welcome back, Amaryllis the Kobold Artificer.
Press ? for a list of commands and other information.
Save game and exit?
Welcome back, Amaryllis the Kobold Artificer.
Press ? for a list of commands and other information.
New annotation for D:2 (include '!' for warning):
Okay, then.
Quiver which item? (- for none, * to show all) (? for menu, Esc to quit)
Okay, then.
Okay, then.
Press: ? - help, v - describe, . - travel, g - get item A +0 club.
There is something else lying underneath.
The floor.
Welcome back, Amaryllis the Kobold Artificer.
Press ? for a list of commands and other information.
Are you sure you want to abandon this character and quit the game? (Confirm with "yes".)

.###.# ..##.## #.....
#.##.# ## #.##.# #.#.#
#...(####.#
.....##g........# ####
......g.##(###### #<.
.####.#†##.@.)..# #.#
#.#g#######.###.## .#
#.####.#.# #.##...##.#
#........# #........##
######...# ##...<....#
#...# #.........#
#.######...# #.......#.#
...........# ##.....##
...........##########...##


There were no monsters in sight!

Vanquished Creatures
  Robin (D:2)
  2 dart slugs (D:1)
  A leopard gecko (D:1)
  2 giant cockroaches (D:1)
  7 goblins
  9 hobgoblins
  A ball python (D:1)
  2 bats (D:1)
  A frilled lizard (D:1)
  5 rats
31 creatures vanquished.

Notes
Turn   | Place    | Note
-------+----------+-------------------------------------------
     0 | D:1      | Amaryllis the Kobold Artificer began the quest for the Orb.
     0 | D:1      | Reached XP level 1. HP: 12/12 MP: 3/3
    74 | D:1      | Reached XP level 2. HP: 7/16 MP: 4/4
   705 | D:1      | Reached XP level 3. HP: 18/20 MP: 5/5
  1067 | D:2      | Upgraded the game from 0.25-a0-364-ge76b031 to
                  | 0.25-a0-413-g3b4b6a4
  1114 | D:2      | Noticed Robin
  1170 | D:2      | Killed Robin
  1171 | D:2      | Reached XP level 4. HP: 12/25 MP: 6/6
  1196 | D:2      | Upgraded the game from 0.25-a0-413-g3b4b6a4 to
                  | 0.25-a0-701-gb30f108
  1196 | D:2      | Quit the game

Levels and vault maps discovered:
D:1:      scummos_arrival_hexagon, layout_basic, hangedman_decor_growths,
          dk_noncrumbling_4, minmay_misc_feat_doors
D:2:      layout_loops_ring, uniq_robin

Skill      XL: |  1  2  3 |
---------------+----------+-----
Short Blades   | 2 3 |  3.9
Stealth        | 2 3 |  3.1
Fighting       | |  1.1
Dodging        | |  2.4
Evocations     | |  3.6

Action                   |  1- 3 |  4- 6 || total
-------------------------+-------+-------++-------
Melee: Short sword       |   118 |    13 ||   131
Evoke: Wand              |     5 |       ||     5
  Eat: Chunk             |       |     1 ||     1
Armor: Leather armour    |     7 |       ||     7
       Chain mail        |    49 |     5 ||    54
Dodge: Dodged            |    50 |     3 ||    53

Table legend:
 A = Non-vault XP
 B = Vault XP
 C = Vault XP percentage of total XP
 D = Non-vault monster count
 E = Vault monster count
 F = Vault count percentage of total count
                 A         B        C        D         E       F
            +---------+---------+-------+---------+---------+-------
      Total |      41 |      30 |  42.3 |      22 |       9 |  29.0
            +---------+---------+-------+---------+---------+-------
        D:1 |      40 |       0 |   0.0 |      21 |       0 |   0.0
        D:2 |       1 |      30 |  96.8 |       1 |       9 |  90.0
            +---------+---------+-------+---------+---------+-------
